 Dungeon Crawl Stone Soup version 0.21-a0-510-g5070ee8bc0 (webtiles) character file.

785 Brujo888 the Magician (level 7, -3/36 HPs)
             Began as a Deep Elf Fire Elementalist on Dec 1, 2017.
             Shot with an arrow by a centaur (6 damage)
             ... on level 5 of the Dungeon.
             The game lasted 00:22:49 (4837 turns).

Brujo888 the Magician (Deep Elf Fire Elementalist)  Turns: 4837, Time: 00:22:50

Health: -3/36      AC:  4    Str:  5    XL:     7   Next: 56%
Magic:  9/19       EV: 13    Int: 22    God:
Gold:   272        SH:  0    Dex: 12    Spells: 7/20 levels left

rFire    . . .     SeeInvis .   w - staff of poison
rCold    . . .     Gourm    .   (no shield)
rNeg     . . .     Faith    .   a - +1 robe
rPois    +         Spirit   .   (no helmet)
rElec    .         Reflect  .   (no cloak)
rCorr    .         Harm     .   q - +0 pair of gloves
MR       .....                  (no boots)
Stlth    +++.......             (no amulet)
HPRegen  0.12/turn              i - ring of stealth
MPRegen  0.16/turn              t - -3 ring of dexterity (curse)

@: no status effects
A: no striking features
a: no special abilities


You were on level 5 of the Dungeon.
You were near starving.

You visited 1 branch of the dungeon, and saw 5 of its levels.

You collected 272 gold pieces.

Inventory:

Missiles
 h - 58 arrows
 n - 18 bolts
 p - 5 poisoned needles
 u - 7 needles of confusion
Armour
 a - a +1 robe (worn)
 q - a +0 pair of gloves (worn)
Magical Staves
 w - an uncursed staff of poison (weapon)
Jewellery
 i - a ring of stealth (left hand)
 s - an uncursed ring of positive energy {unknown}
 t - a cursed -3 ring of dexterity (right hand)
 x - an uncursed amulet of the gourmand {unknown}
Wands
 k - a wand of paralysis (20)
Scrolls
 e - a scroll of blinking
 m - a scroll of identify
 v - a scroll of teleportation
Potions
 d - a potion of magic
 g - a potion of haste
 j - 4 potions of flight
 o - a potion of heal wounds
Books
 b - a book of Flames

   Spells                             Type                      Level
   a - Flame Tongue                   Conjuration/Fire             1
   b - Throw Flame                    Conjuration/Fire             2
   c - Conjure Flame                  Conjuration/Fire             3
   d - Inner Flame                    Hexes/Fire                   3
   e - Sticky Flame                   Conjuration/Fire             4
   f - Fireball                       Conjuration/Fire             5
Comestibles
 c - 4 bread rations
 f - 5 royal jellies
 l - 3 fruits
 r - a meat ration


   Skills:
 + Level 3.4 Dodging
 - Level 2.4 Stealth
 + Level 7.2 Spellcasting
 + Level 3.5 Conjurations
 * Level 7.0 Fire Magic


You had 7 spell levels left.
You knew the following spells:

 Your Spells              Type           Power        Failure   Level  Hunger
a - Flame Tongue          Conj/Fire      ####.        1%          1    None
b - Conjure Flame         Conj/Fire      ####....     2%          3    None
d - Fireball              Conj/Fire      ####......   26%         5    #####..
e - Sticky Flame          Conj/Fire      ####....     9%          4    ###....


Dungeon Overview and Level Annotations

Branches:
Dungeon (5/15)
 Temple: D:4-7

Altars:
Dithmenos
Makhleb
Okawaru
Trog
Xom


Message History

Confirm with . or Enter, or press ? or * to list all spells.
Aiming: Fireball
Press: ? - help, Shift-Dir - straight line, f - centaur
Aim: a centaur, wielding a shortbow of flaming The fireball explodes!
The fireball engulfs the centaur.
The centaur is heavily wounded.
The centaur shoots an arrow.
The arrow hits you!
* * * LOW HITPOINT WARNING * * *
The arrow burns you.
* * * LOW HITPOINT WARNING * * *
Casting: Fireball
Confirm with . or Enter, or press ? or * to list all spells.
Aiming: Fireball
Press: ? - help, Shift-Dir - straight line, f/p - centaur
Aim: a centaur, wielding a shortbow of flaming (heavily wounded)
The fireball explodes!
The fireball engulfs the centaur.
The centaur is almost dead.
You are near starving!
The centaur shoots an arrow.
The arrow hits you.
You die...

##÷###.#....###....
##.# #........>.....##
÷..# #(.............. #
#### #.......###....#
.# # #..........c...#.
#### ##..............
†..# #..###.......#
##.# #......#....###.#
##.#####.##.....@.....#
....5.5.....##..#.#..##
##.#####.#####§(#.# #
...# #....5...### ...#
#######..# ..##
######..# 5##
####.......# .#
#.......#.## .###
#.......#..#


You could see a centaur and a crimson imp.

Vanquished Creatures
  A scorpion (D:4)
  A howler monkey (D:5)
  A jelly (D:5)
  3 orc priests
  3 hounds (D:5)
  3 orc wizards
  An iguana (D:5)
  2 worker ants (D:4)
  A hound skeleton (D:4)
  Robin (D:2)
  8 gnolls
  4 adders
  5 shadow imps
  An adder skeleton (D:3)
  4 worms
  3 dart slugs
  6 leopard geckos
  14 orcs
  5 giant cockroaches
  19 goblins
  9 hobgoblins
  8 jackals
  4 quokkas
  4 ball pythons
  8 bats
  5 frilled lizards
  7 kobolds
  7 rats
138 creatures vanquished.

Notes
Turn   | Place    | Note
-------+----------+-------------------------------------------
     0 | D:1      | Brujo888 the Deep Elf Fire Elementalist began the quest for the Orb.
     0 | D:1      | Reached XP level 1. HP: 10/10 MP: 6/6
   274 | D:1      | Reached XP level 2. HP: 15/15 MP: 6/8
   607 | D:2      | Reached XP level 3. HP: 11/19 MP: 4/9
   744 | D:2      | Learned a level 3 spell: Conjure Flame
   748 | D:2      | Learned a level 3 spell: Inner Flame
  1510 | D:2      | Reached XP level 4. HP: 24/24 MP: 3/11
  1515 | D:2      | Noticed Robin
  1612 | D:2      | Killed Robin
  1612 | D:2      | Reached skill level 5 in Fire Magic
  1674 | D:2      | Found an iron altar of Okawaru.
  1734 | D:2      | Found a bloodstained altar of Trog.
  2101 | D:3      | Found a transporter.
  2134 | D:3      | HP: 1/24 [orc priest/divine providence (12)]
  2421 | D:3      | Reached XP level 5. HP: 28/28 MP: 10/14
  2426 | D:3      | Found a transporter.
  2543 | D:3      | Reached skill level 5 in Spellcasting
  2566 | D:3      | Learned a level 5 spell: Fireball
  2846 | D:3      | Found a burning altar of Makhleb.
  2846 | D:3      | Found a shimmering altar of Xom.
  2897 | D:3      | Reached XP level 6. HP: 32/32 MP: 14/16
  2944 | D:3      | Found a shimmering altar of Xom.
  3175 | D:4      | Learned a level 4 spell: Sticky Flame
  3982 | D:4      | Reached XP level 7. HP: 36/36 MP: 11/18
  4167 | D:5      | Entered Level 5 of the Dungeon
  4731 | D:5      | Found a shadowy altar of Dithmenos.
  4837 | D:5      | Shot with an arrow by a centaur

Vault maps used:
D:1:      lightli_iron_boxes
D:2:      minitemple, hex_medium, minmay_tall_x, uniq_robin
D:3:      gammafunk_wand_slinger, grunt_temple_overflow_champion_of_chaos,
          first_bread, serial_bayou_pond_c, led_xom_imps
D:5:      nicolae_overflow_hidden_temple

Skill      XL: |  1  2  3  4  5  6  7 |
---------------+----------------------+-----
Fire Magic     | 4 5 6 7 |  7.0
Spellcasting   | 4 5 6 7 |  7.2
Conjurations   | 2 3 |  3.5
Dodging        | 3 |  3.4
Stealth        | |  2.4

Action                   |  1- 3 |  4- 6 |  7- 9 || total
-------------------------+-------+-------+-------++-------
Melee: Unarmed           |     1 |     1 |     1 ||     3
       Staff             |       |       |    25 ||    25
 Cast: Flame Tongue      |    82 |   143 |    29 ||   254
       Conjure Flame     |     3 |     5 |     2 ||    10
       Inner Flame       |     1 |       |       ||     1
       Sticky Flame      |       |     2 |     8 ||    10
       Fireball          |       |     1 |     4 ||     5
  Use: Scroll            |       |    13 |       ||    13
       Potion            |       |     2 |       ||     2
  Eat: Chunk             |       |     8 |     3 ||    11
       Royal jelly       |       |     1 |       ||     1
Armor: Robe              |     4 |     8 |    17 ||    29
Dodge: Dodged            |    21 |    16 |    35 ||    72

Table legend:
 A = Spawn XP
 B = Non-spawn XP
 C = Spawn XP percentage of total XP
 D = Spawn monster count
 E = Non-spawn monster count
 F = Spawn count percentage of total count
 G = Total turns spent on level
                    A         B        C        D         E        F      G
               +---------+---------+-------+---------+---------+-------+---------
         Total |       0 |    1122 |   0.0 |       0 |     138 |   0.0 |  4837
               +---------+---------+-------+---------+---------+-------+---------
           D:1 |       0 |      27 |   0.0 |       0 |      18 |   0.0 |   584
           D:2 |       0 |     108 |   0.0 |       0 |      38 |   0.0 |  1264
           D:3 |       0 |     266 |   0.0 |       0 |      30 |   0.0 |  1294
           D:4 |       0 |     371 |   0.0 |       0 |      33 |   0.0 |  1135
           D:5 |       0 |     350 |   0.0 |       0 |      19 |   0.0 |   560
               +---------+---------+-------+---------+---------+-------+---------
